 Dungeon Crawl Stone Soup version 0.19-a0-1216-g363869b (webtiles) character file.

70 Charly the Sneak (level 4, 0/23 HPs)
             Began as a Spriggan Abyssal Knight on Aug 23, 2016.
             Was a Follower of Lugonu.
             Slain by a slave (7 damage)
             ... led by Pikel
             ... on level 4 of the Dungeon.
             The game lasted 00:08:44 (600 turns).

Charly the Sneak (Spriggan Abyssal Knight)           Turns: 600, Time: 00:08:45

Health: 0/23       AC:  2    Str:  8    XL:     4   Next: 4%
Magic:  6/6        EV: 19    Int: 13    God:    Lugonu [*.....]
Gold:   81         SH:  0    Dex: 16    Spells: 0 memorised, 3 levels left

rFire  . . .     SeeInvis +     e - +1 short sword (elec)
rCold  . . .     Gourm    .     b - +0 robe
rNeg   . . .     Faith    .     (shield restricted)
rPois  .         Spirit   .     (helmet restricted)
rElec  .         Dismiss  .     (no cloak)
rCorr  .         Reflect  .     (gloves unavailable)
MR     .....     Harm     .     (boots unavailable)
Stlth  ++++......               (no amulet)
                                (no ring)
                                (no ring)

@: very quick
A: unfitting armour, see invisible, herbivore 3, speed 3, slow metabolism 2
a: Depart the Abyss, Renounce Religion


You were on level 4 of the Dungeon.
You worshipped Lugonu.
Lugonu was aware of your devotion.
You were not hungry.

You visited 1 branch of the dungeon, and saw 3 of its levels.
You visited the Abyss 1 time.

You collected 81 gold pieces.

Inventory:

Hand Weapons
 a - a +1 short sword
 e - a +1 short sword of electrocution (weapon)
Armour
 b - a +0 robe (worn)
Wands
 f - a wand of disintegration (13/24)
Scrolls
 d - 5 scrolls of identify
 g - a scroll of random uselessness {unknown}
 j - a scroll of fear {unknown}
 k - a scroll of blinking {unknown}
 l - 2 scrolls of teleportation {unknown}
Potions
 h - a potion of curing
 i - a potion of cure mutation
Comestibles
 c - a bread ration


   Skills:
 - Level 2.4 Fighting
 - Level 2.1 Short Blades
 - Level 3.5 Dodging
 + Level 5.9 Stealth
 - Level 1.7 Invocations


You had 3 spell levels left.
You didn't know any spells.

Dungeon Overview and Level Annotations

Branches:
Dungeon (2/15)

Altars:
Fedhas
Kikubaaqudgha

Annotations:
D:4 Pikel


Innate Abilities, Weirdness & Mutations

You are tiny and cannot use many weapons and most armour.
You have supernaturally acute eyesight. (SInv)
You are a herbivore.
You cover ground extremely quickly.
You need consume almost no food.


Message History

You hit the slave but do no damage.
There is a sudden explosion of sparks!
The slave is heavily wounded.
The slave hits you!
Pikel shouts!
Drop what? 12/52 slots (_ for help) (? for menu, Esc to quit)
Okay, then.
Unknown command.
Unknown command.
Evoke which item? (* to show all) (? for menu, Esc to quit)
Zapping:
f - a wand of disintegration (15/24)
Press: ? - help, Shift-Dir - straight line, f/p - slave
Aim: a slave, wearing an animal skin (heavily wounded, chance to defeat MR: 65%)
The slave struggles to resist.
This wand has 14 charges left.
Evoke which item? (* to show all) (? for menu, Esc to quit)
Zapping:
f - a wand of disintegration (14/24)
Press: ? - help, Shift-Dir - straight line, f/p - slave
Aim: a slave, wearing an animal skin (heavily wounded, chance to defeat MR: 65%)
The slave struggles to resist.
This wand has 13 charges left.
The slave hits you!
You die...

######### ... .# #
#.!.pKpp. #.. .... #K#
#.# #.#.# #p# #.# #....
#.# . #.###.#.#### #p#
.### #.##.......# #.#
...#
#.##.##..#.########.#
#.###.##.##....@pp..Kp..#
#............#.##########
##.######.......# ...#
####..#.# ##.#
#######..#.# #.#
#..........# #.#
#.#####..#.##
#.#...#####.....#
####.........#.......


You could see Pikel and 3 slaves.

Vanquished Creatures
  A centaur zombie (D:4)
  A worker ant zombie (D:4)
  A dart slug (D:1)
  A giant gecko (D:4)
  A ball python (D:1)
  5 bats
  A giant cockroach (D:1)
  2 goblins (D:1)
  3 hobgoblins
  3 jackals (D:1)
  2 rats (D:2)
21 creatures vanquished.

Notes
Turn   | Place    | Note
-------+----------+-------------------------------------------
     0 | Abyss:1  | Charly the Spriggan Abyssal Knight began the quest for the Orb.
     0 | Abyss:1  | Reached XP level 1. HP: 11/11 MP: 3/3
    43 | Abyss:1  | Noticed a small abomination
    72 | Abyss:1  | Found a corrupted altar of Lugonu.
    82 | Abyss:1  | Noticed a thrashing horror
    87 | Abyss:2  | Found a corrupted altar of Lugonu.
   125 | Abyss:2  | Noticed a small abomination
   133 | Abyss:2  | Noticed a worldbinder
   177 | Abyss:2  | Noticed a small abomination
   182 | Abyss:2  | Noticed a neqoxec
   189 | Abyss:2  | Noticed a thrashing horror
   189 | Abyss:2  | Noticed a large abomination
   193 | D:1      | Escaped the Abyss
   260 | D:1      | Reached skill level 1 in Stealth
   265 | D:1      | Reached skill level 2 in Stealth
   330 | D:2      | Reached XP level 2. HP: 16/16 MP: 4/4
   340 | D:1      | Reached skill level 3 in Stealth
   341 | D:1      | Ultraviolent4: !hs * spak
   342 | D:1      | beem: 13696. Yermak the Ninja (L27 SpAK of Lugonu), escaped with the Orb and 15 runes on 2014-03-04 02:13:29, with 27870807 points after 52951 turns and 13:14:46.
   458 | D:2      | Reached * piety under Lugonu
   458 | D:2      | Reached skill level 4 in Stealth
   509 | D:2      | You fall through a shaft for 2 floors!
   511 | D:4      | Found a blossoming altar of Fedhas.
   511 | D:4      | Found an ancient bone altar of Kikubaaqudgha.
   570 | D:4      | Reached skill level 5 in Stealth
   570 | D:4      | Reached XP level 3. HP: 17/19 MP: 5/5
   575 | D:4      | Noticed Pikel
   575 | D:4      | Noticed a slave
   575 | D:4      | Noticed a slave
   575 | D:4      | Noticed a slave
   575 | D:4      | Noticed a slave
   583 | D:4      | Reached XP level 4. HP: 14/23 MP: 6/6
   600 | D:4      | Slain by a slave

Vault maps used:
D:1:      dpeg_arrival_morbid_curiosity, serial_glass, glass_columns_a,
          glass_columns_a, glass_columns_b, glass_columns_b, glass_columns_a,
          glass_columns_a, glass_columns_c, glass_columns_b, glass_columns_b,
          glass_columns_b
D:2:      minmay_misc_feat_nine_boxes
D:4:      kennysheep_slugbush, grunt_temple_overflow_growth_and_decay,
          nicolae_ru_awakened_eye, serial_undead, serial_undead_e,
          serial_undead_a, serial_undead_e, serial_undead_d,
          minmay_goblin_kobold_house, uniq_sigmund, uniq_pikel
Abyss:2:  hangedman_abyss_batty_box

Skill      XL: |  1  2 |
---------------+-------+-----
Stealth        | 2 5 |  5.9
Fighting       | |  2.4
Short Blades   | |  2.1
Dodging        | |  3.5
Invocations    | |  1.7

Action                   |  1- 3 |  4- 6 || total
-------------------------+-------+-------++-------
Melee: Short sword       |    48 |     2 ||    50
Invok: Depart the Abyss  |     1 |       ||     1
Evoke: Wand              |     2 |     4 ||     6
  Use: Scroll            |     3 |       ||     3
 Stab: Sleeping          |     4 |       ||     4
Armor: Robe              |     1 |       ||     1
Dodge: Dodged            |    46 |     1 ||    47
